Map: Cactus Valley LE (Void)

Players

WyldMane

  • Race: Protoss Protoss
  • League: Grandmaster

Javert - Winner!

  • Race: Zerg Zerg
  • League: Grandmaster

VOD

Have the link to the VOD?

Description

Time

  • Played on: June 21, 2015, 6:45 p.m.
  • Length: 8:47
Show
View Real Time Build Order
Export as new Build Order

WyldMane Protoss 

Build Orders: Nexus First 

Get SALT Encoding   

  12  0:02  Probe  
  13  0:20  Probe  
  13  0:21  Pylon  
  14  0:39  Probe (Chrono Boost)  
  16  0:50  Probe (Chrono Boost)  
  16  1:00  Nexus  
  16  1:12  Forge  
  16  1:29  Gateway  
  16  1:36  Probe (Chrono Boost)  
  17  1:40  Assimilator  
  17  1:46  Assimilator  
  17  1:51  Photon Cannon  
  17  1:56  Probe  
  18  2:04  Pylon  
  18  2:09  Probe (Chrono Boost)  
  20  2:21  Probe (Chrono Boost)  
  20  2:34  Probe (Chrono Boost)  
  20  2:35  Cybernetics Core  
  22  2:44  Probe (Chrono Boost)  
  22  2:46  Probe (Chrono Boost)  
  22  2:49  Pylon  
  22  2:53  Probe (Chrono Boost)  
  22  2:56  Probe (Chrono Boost)  
  24  3:13  Adept  
  24  3:17  Stargate  
  24  3:18  Probe (Chrono Boost)  
  27  3:21  Probe (Chrono Boost)  
  28  3:28  Warp Gate  
  28  3:30  Probe (Chrono Boost)  
  28  3:32  Probe (Chrono Boost)  
  30  3:36  Probe (Chrono Boost)  
  31  3:53  Stalker  
  31  3:54  Probe (Chrono Boost)  
  31  3:55  Probe (Chrono Boost)  
  35  3:59  Assimilator  
  35  4:01  Oracle (Chrono Boost)  
  38  4:05  Probe x2 (Chrono Boost)  
  40  4:21  Photon Cannon  
  40  4:24  Sentry  
  40  4:28  Gateway  
  40  4:30  Gateway  
  40  4:37  Probe x2  
  42  4:40  Void Ray (Chrono Boost)  
  46  4:49  Probe x2  
  48  5:13  Assimilator  
  49  5:22  Void Ray (Chrono Boost)  
  49  5:24  Mothership Core (Chrono Boost)  
  49  5:28  Probe (Chrono Boost)  
  52  5:32  Pylon  
  52  5:38  Pylon  
  52  5:49  Nexus  
  52  5:50  Probe x2  
  52  5:51  Pylon  
  54  6:03  Probe x2 (Chrono Boost)  
  56  6:05  Void Ray  
  60  6:17  Pylon  
  60  6:18  Pylon  
  60  6:22  Robotics Facility  
  60  6:23  Pylon  
  60  6:31  Probe x2  
  62  6:43  Probe  
  62  6:44  Probe  
  64  6:56  Probe x2  
  66  7:05  Probe  
  66  7:08  Probe x2  
  73  7:11  Robotics Bay  
  73  7:13  Photon Cannon  
  73  7:16  Photon Cannon  
  73  7:18  Gateway  
  73  7:19  Gateway  
  73  7:20  Probe x2  
  67  7:26  Stargate  
  67  7:27  Stalker x3  
  65  7:30  Photon Cannon  
  65  7:31  Photon Cannon  
  65  7:32  Probe (Chrono Boost)  
  65  7:33  Phoenix  
  65  7:35  Probe (Chrono Boost)  
  70  7:41  Probe (Chrono Boost)  
  70  7:42  Pylon  
  65  7:54  Zealot x3  
  61  8:03  Phoenix (Chrono Boost)  
  61  8:12  Probe x2  
  62  8:17  Stalker x2  
  53  8:23  Phoenix (Chrono Boost)  
Show
View Real Time Build Order
Export as new Build Order

Javert Zerg - Winner!

Build Orders: Hatch First 

Get SALT Encoding   

  12  0:01  Drone  
  13  0:13  Overlord  
  13  0:19  Drone  
  14  0:32  Drone x2  
  16  0:50  Hatchery  
  16  0:55  Drone  
  16  1:04  Extractor  
  16  1:06  Drone x2  
  17  1:19  Spawning Pool  
  17  1:21  Drone  
  17  1:29  Drone  
  18  1:36  Drone  
  19  1:44  Overlord  
  19  1:54  Drone  
  20  2:06  Metabolic Boost, Queen  
  20  2:08  Queen  
  22  2:11  Zergling x2  
  22  2:14  Zergling x2  
  26  2:32  Drone  
  26  2:33  Drone x3  
  30  2:50  Drone x3  
  30  2:51  Drone  
  34  2:57  Overlord  
  33  3:09  Drone  
  34  3:18  Hatchery, Overlord  
  33  3:22  Queen  
  33  3:23  Drone  
  33  3:24  Drone  
  33  3:25  Drone  
  38  3:32  Drone  
  38  3:33  Drone x2  
  41  3:37  Overlord  
  41  3:47  Zergling x2  
  41  3:48  Zergling x8  
  46  3:54  Zergling x2  
  46  3:55  Zergling x6  
  49  4:25  Lair  
  49  4:28  Extractor  
  49  4:29  Extractor  
  49  4:30  Extractor  
  46  4:33  Drone x12  
  46  4:34  Drone x2  
  60  4:39  Spore Crawler  
  60  4:41  Spore Crawler  
  54  5:14  Overlord x3  
  54  5:17  Drone x11  
  65  5:32  Queen  
  65  5:34  Spore Crawler  
  66  5:37  Spire  
  65  5:54  Overlord  
  65  5:58  Evolution Chamber x2  
  65  6:01  Drone  
  65  6:02  Drone x10  
  74  6:05  Overlord  
  74  6:21  Overlord x2, Hydralisk Den  
  74  6:23  Overlord  
  74  6:24  Zerg Missile Weapons Level 1, Zerg Ground Armor Level 1  
  73  6:35  Spore Crawler  
  73  6:38  Spore Crawler  
  69  6:49  Overlord  
  69  6:50  Overlord  
  69  6:52  Mutalisk x4  
  69  6:53  Mutalisk x5  
  87  7:05  Queen x2  
  87  7:06  Queen  
  89  7:21  Extractor  
  88  7:26  Hydralisk x6  
  100  7:39  Drone x3, Extractor x2  
  97  7:53  Hatchery  
  93  8:01  Zergling x2  
  93  8:02  Zergling x16  
  98  8:14  Hydralisk x3  
Tags
 
Add a new tag
Caveats
  • Supply blocks, unpowered buildings, or Contaminate may cause inaccurate times.
  • Supply counts are checked every 10 seconds.